 Dungeon Crawl Stone Soup version 0.30-a0-377-g5cb311bc9f (webtiles) character file.

Game seed: 1168507825899465630

58 scionoferis the Ruffian (level 3, -4/33 HPs)
             Began as a Troll Earth Elementalist on Nov 29, 2022.
             Succumbed to an orc wizard's poison
             ... on level 3 of the Dungeon.
             The game lasted 00:02:08 (870 turns).

scionoferis the Ruffian (Troll Earth Elementalist)   Turns: 870, Time: 00:02:09

Health: -4/33      AC:  4    Str: 16    XL:     3   Next: 75%
Magic:  3/3        EV:  9    Int: 13    God:
Gold:   43         SH:  0    Dex: 10    Spells: 3/4 levels left

rFire   . . .      SeeInvis .      - Unarmed
rCold   . . .      Faith    .    (no shield)
rNeg    . . .      Spirit   .    a - +0 robe
rPois   .          Reflect  .    (helmet restricted)
rElec   .          Harm     .    (no cloak)
rCorr   .          Rampage  .    (gloves unavailable)
Will    .....                    (boots unavailable)
Stlth   +.........               (no amulet)
HPRegen 1.05/turn                (no ring)
MPRegen 0.08/turn                (no ring)

@: lethally poisoned (-4 -> -26)
A: large, unfitting armour, claws 3, regeneration 1, shaggy fur 1, tough skin 1
a: no special abilities


You were on level 3 of the Dungeon.
You visited 1 branch of the dungeon, and saw 3 of its levels.

You collected 43 gold pieces.


Innate Abilities, Weirdness & Mutations

You are too large for most types of armour.
You have claws for hands.
Your natural rate of healing is unusually fast.
You are covered in fur. (AC +1)
You have tough skin. (AC +1)


   Skills:
 + Level 1.3 Fighting
 - Level 1.5 Dodging
 - Level 1.0 Stealth
 * Level 2.8 Unarmed Combat
 - Level 1.2 Spellcasting
 - Level 0.6 Transmutations
 - Level 2.6 Earth Magic


You had 3 spell levels left.
You knew the following spells:

 Your Spells              Type           Power      Damage    Failure   Level
a - Sandblast             Erth           14%        2d6       9%          1

Your spell library contained the following spells:

 Spells                   Type           Power      Damage    Failure   Level
 Passwall                 Tmut/Erth      4%         N/A       22%         2
 Cigotuvi's Dreadful Rot  Necr/Pois/Air  0%         N/A       38%         2
 Poisonous Vapours        Pois/Air       0%         N/A       38%         2
 Stone Arrow              Conj/Erth      8%         3d7       43%         3
 Hailstorm                Conj/Ice       0%         3d3       63%         3
 Mephitic Cloud           Conj/Pois/Air  0%         N/A       63%         3
 Petrify                  Tmut/Erth      5%         N/A       80%         4
 Ice Form                 Ice/Tmut       1%         N/A       94%         4
 Simulacrum               Ice/Necr       0%         N/A       100%        6

Inventory:

Missiles
 f - 9 stones (quivered)
Armour
 a - a +0 robe (worn)
Scrolls
 c - a scroll of magic mapping {unknown}
 d - a scroll of poison {unknown}
 e - a scroll of immolation {unknown}
 g - a scroll of enchant weapon {unknown}
Potions
 b - a potion of magic

Dungeon Overview and Level Annotations

Branches:
Dungeon (2/15)

Altars:

Shops:
D:2

( ######
######J....##
#...@)o...?..
#.####.......
####.#
.......
#....#
.......
#....#
.......
#....#
.......
#....#
#oo{...
+......
......
#####.#.


You could see an orc and an endoplasm.


Message History

Welcome, scionoferis the Troll Earth Elementalist.
Everyone else who sought the Orb of Zot has failed.
Will you be different?
Press ? for a list of commands and other information.
Found a book of Vapours.
Found a staircase leading out of the dungeon.
You pick up a book of Vapours and begin reading...
You add the spells Poisonous Vapours, Cigotuvi's Dreadful Rot and Mephitic Cloud to your library.
Found a hand axe.
You enter the shallow water.
Moving in this stuff is going to be slow.
You see here a +0 hand axe.
A hobgoblin comes into view.
The hobgoblin shouts!
You hear a shout!
The hobgoblin moves out of view.
You see here 11 gold pieces.
A hobgoblin is nearby!
The hobgoblin closely misses you.
You scratch the hobgoblin.
The hobgoblin is severely wounded.
The hobgoblin hits you.
You barely miss the hobgoblin.
The hobgoblin is heavily wounded.
The hobgoblin hits you.
You scratch the hobgoblin.
The hobgoblin is severely wounded.
The hobgoblin hits you.
You scratch the hobgoblin.
You kill the hobgoblin!
No target in view!
No target in view!
HP restored.
You now have 11 gold pieces.
A goblin comes into view. It is wielding a +0 club.
A goblin is nearby!
You closely miss the goblin. The goblin hits you but does no damage.
You closely miss the goblin. The goblin hits you with a +0 club.
You barely miss the goblin. The goblin hits you but does no damage.
You claw the goblin!
You kill the goblin!
No target in view!
Found an escape hatch in the floor.
A frilled lizard comes into view.
The frilled lizard moves out of view.
A kobold comes into view. It is wielding a +0 dagger.
Found a short sword.
A goblin and a kobold come into view.
There is an escape hatch in the floor here.
You barely miss the frilled lizard. The frilled lizard bites you.
The kobold shouts!
You claw the kobold!
You kill the kobold!
The kobold shouts!
You hear a shout!
The frilled lizard bites you but does no damage.
The frilled lizard attacks as you move away!
The frilled lizard closely misses you.
The frilled lizard attacks as you move away!
The frilled lizard barely misses you.
The frilled lizard attacks as you move away!
The frilled lizard bites you but does no damage.
You claw the frilled lizard!
You kill the frilled lizard!
No target in view!
You barely miss the goblin. The goblin hits you with a +0 club.
You scratch the goblin but do no damage.
The goblin hits you with a +0 club.
You closely miss the goblin. The goblin barely misses you.
You closely miss the goblin. The goblin hits you with a +0 club.
You scratch the goblin.
You kill the goblin!
The kobold throws a stone.
The stone barely misses you. The kobold completely misses you.
Things that are here:
a +0 club; a goblin corpse You closely miss the kobold.
The kobold hits you but does no damage.
You scratch the kobold but do no damage.
The kobold hits you but does no damage.
You scratch the kobold.
You kill the kobold!
Your Unarmed Combat skill increases to level 1!
No target in view!
A goblin comes into view. It is wielding a +0 club.
A goblin is nearby!
A goblin comes into view. It is wielding a +0 dagger.
The goblin shouts!
The goblin attacks as you move away! The goblin hits you with a +0 club.
You claw the goblin!
You kill the goblin!
The goblin hits you with a +0 dagger.
You see here a +0 club.
You barely miss the goblin. The goblin hits you but does no damage.
You scratch the goblin.
You kill the goblin!
You have reached level 2!
Found a dagger.
Found a stone staircase leading down.
Found a stone staircase leading down.
An endoplasm comes into view.
An endoplasm is nearby!
Found 9 gold pieces.
The endoplasm completely misses you.
You claw the endoplasm!
You kill the endoplasm!
No target in view!
A quokka comes into view.
Found a scroll labelled HAOVAZ GAV.
There is a stone staircase leading down here.
A quokka is nearby!
The quokka bites you.
You barely miss the quokka. The quokka barely misses you.
You claw the quokka!
You kill the quokka!
No target in view!
You now have 20 gold pieces (gained 9).
c - a scroll labelled HAOVAZ GAV
d - a scroll labelled JARYDY PIKAILE A frilled lizard comes into view.
The frilled lizard hisses angrily.
You scratch the frilled lizard.
You kill the frilled lizard!
No target in view!
You now have 32 gold pieces (gained 12).
You see here a +2 pair of boots.
A jackal comes into view.
The jackal barks!
A quokka comes into view.
A jackal comes into view.
You miss the jackal.
The jackal bites you but does no damage.
The quokka twitches its whiskers.
A rat comes into view.
The jackal barely misses you.
You scratch the jackal.
The jackal is moderately wounded.
The jackal closely misses you.
You closely miss the jackal.
The jackal is moderately wounded.
The jackal completely misses you.
A jackal comes into view.
You barely miss the jackal.
The jackal is moderately wounded.
The jackal barely misses you. x2
You claw the jackal!
You kill the jackal!
A kobold comes into view. It is wielding a +0 dagger.
You closely miss the quokka.
The kobold shouts!
The quokka bites you.
You closely miss the quokka. The quokka closely misses you.
You closely miss the quokka.
The quokka bites you but does no damage.
A hobgoblin comes into view. It is wielding a +0 club.
The hobgoblin shouts!
You scratch the quokka.
The quokka is moderately wounded.
You hear a bark!
The quokka bites you but does no damage.
You miss the quokka.
The quokka is moderately wounded.
The quokka bites you. x2
You miss the quokka. The quokka barely misses you.
You barely miss the quokka.
The quokka bites you but does no damage.
You scratch the quokka.
The quokka is almost dead.
The quokka bites you.
You miss the quokka.
The quokka is almost dead.
The quokka bites you but does no damage.
You scratch the quokka.
You kill the quokka!
You barely miss the jackal.
The jackal bites you but does no damage. x2
You barely miss the jackal. The jackal bites you.
You claw the jackal!
You kill the jackal!
You claw the kobold!
You kill the kobold!
You claw the jackal!
You kill the jackal!
The rat bites you but does no damage.
Items here: ( ) †††.
You closely miss the rat. The rat closely misses you.
You scratch the rat.
You kill the rat!
You scratch the hobgoblin but do no damage.
The hobgoblin hits you with a +0 club.
You scratch the hobgoblin.
The hobgoblin is lightly wounded.
The hobgoblin closely misses you.
You closely miss the hobgoblin.
The hobgoblin is lightly wounded.
The hobgoblin closely misses you.
You scratch the hobgoblin.
The hobgoblin is almost dead.
The hobgoblin closely misses you.
You barely miss the hobgoblin.
The hobgoblin is almost dead.
The hobgoblin hits you with a +0 club.
You scratch the hobgoblin but do no damage.
The hobgoblin is almost dead.
The hobgoblin hits you but does no damage.
You scratch the hobgoblin but do no damage.
The hobgoblin is almost dead.
The hobgoblin hits you with a +0 club.
You scratch the hobgoblin.
You kill the hobgoblin!
Things that are here:
a +0 club; a hobgoblin corpse; a rat corpse
e - a scroll labelled NEC LOCIOWOJI You see here a +0 dagger.
An endoplasm comes into view.
An endoplasm is nearby!
The endoplasm quivers.
The endoplasm completely misses you.
You barely miss the endoplasm. The endoplasm freezes you.
You are frozen.
You scratch the endoplasm.
You kill the endoplasm!
Your Unarmed Combat skill increases to level 2!
No target in view!
A goblin comes into view. It is wielding a +0 club.
The goblin shouts!
A goblin is nearby!
The goblin closely misses you.
You claw the goblin!
You kill the goblin!
No target in view!
Things that are here:
a +0 club; a goblin corpse A quokka comes into view.
A quokka is nearby!
The quokka twitches its whiskers.
The quokka closely misses you.
You scratch the quokka but do no damage.
The quokka bites you but does no damage.
You claw the quokka!
You kill the quokka!
Your Fighting skill increases to level 1!
No target in view!
An endoplasm comes into view.
The endoplasm quivers.
An endoplasm is nearby!
A kobold comes into view. It is wielding a +0 dagger.
The kobold shouts!
The endoplasm hits you but does no damage.
You claw the endoplasm!
You kill the endoplasm!
An endoplasm comes into view.
Found a book of the Tundra.
You claw the kobold!
You kill the kobold!
The endoplasm hits you but does no damage.
You scratch the endoplasm.
The endoplasm is moderately wounded.
The endoplasm freezes you.
You are frozen.
You scratch the endoplasm but do no damage.
The endoplasm is moderately wounded.
The endoplasm freezes you.
You are frozen.
You scratch the endoplasm but do no damage.
You claw the endoplasm, but do no damage.
The endoplasm is moderately wounded.
The endoplasm freezes you.
You are frozen.
You claw the endoplasm!
You kill the endoplasm!
You have reached level 3!
Your experience leads to an increase in your attributes!
Increase (S)trength, (I)ntelligence, or (D)exterity?
You feel clever. x2; You feel stronger.
You pick up a book of the Tundra and begin reading...
You add the spells Hailstorm, Ice Form and Simulacrum to your library.
A ball python comes into view.
The ball python hisses angrily.
The ball python closely misses you.
You barely miss the ball python. The ball python bites you.
The ball python bites you but does no damage.
You claw the ball python!
You kill the ball python!
No target in view!
You see here a +0 club.
Found a stone staircase leading down.
There is a stone staircase leading down here.
A frilled lizard comes into view.
The frilled lizard hisses angrily.
You closely miss the frilled lizard. The frilled lizard closely misses you.
You scratch the frilled lizard but do no damage.
The frilled lizard barely misses you.
You barely miss the frilled lizard.
The frilled lizard bites you but does no damage.
You miss the frilled lizard. The frilled lizard barely misses you.
You barely miss the frilled lizard.
The frilled lizard bites you but does no damage.
You scratch the frilled lizard.
You kill the frilled lizard!
No target in view!
You enter the shallow water.
Moving in this stuff is going to be slow.
Done exploring.
Done exploring.
You enter the shallow water.
Moving in this stuff is going to be slow.
There is a stone staircase leading down here.
You climb downwards.
There is a stone staircase leading up here.
Search for what [? for help]? d: A giant cockroach is nearby!
You climb upwards.
There is a stone staircase leading down here.
(D) Dungeon
Where to? (Enter - D:1 @ (x,y), ? - help)
You see here a +0 club.
Things that are here:
5 stones; a +0 short sword
f - 5 stones You see here a +0 short sword.
f - 7 stones (gained 2)
You see here a +0 dagger.
You see here a +0 club.
f - 9 stones (gained 2)
You see here a +0 dagger.
Done exploring.
You see here a +0 club.
You see here a +0 dagger.
There is an escape hatch in the floor here.
You see here a +0 short sword.
You see here a +0 club.
There is a stone staircase leading down here.
You climb downwards.
There is a stone staircase leading up here.
You closely miss the giant cockroach.
The giant cockroach bites you but does no damage.
You scratch the giant cockroach.
The giant cockroach is almost dead.
The giant cockroach barely misses you.
You barely miss the giant cockroach.
The giant cockroach is almost dead.
The giant cockroach bites you but does no damage.
You closely miss the giant cockroach.
The giant cockroach is almost dead.
The giant cockroach barely misses you.
The giant cockroach bites you but does no damage.
You scratch the giant cockroach.
You kill the giant cockroach!
There is a stone staircase leading up here.
Found a faded altar of an unknown god.
Found Ynkoli's Weapon Boutique.
Found an escape hatch in the ceiling.
There is an entrance to Ynkoli's Weapon Boutique here.
Unknown command.
You open the door.
Found a stone staircase leading down.
There is an open door here.
A hobgoblin comes into view.
The hobgoblin shouts!
The hobgoblin hits you.
You barely miss the hobgoblin. The hobgoblin hits you.
You scratch the hobgoblin but do no damage.
The hobgoblin hits you.
You barely miss the hobgoblin. The hobgoblin hits you.
You barely miss the hobgoblin. The hobgoblin closely misses you.
You scratch the hobgoblin.
The hobgoblin is almost dead.
The hobgoblin barely misses you.
You completely miss the hobgoblin.
The hobgoblin is almost dead.
The hobgoblin hits you.
You scratch the hobgoblin but do no damage.
Your claw misses the hobgoblin.
The hobgoblin is almost dead.
The hobgoblin hits you.
You scratch the hobgoblin but do no damage.
The hobgoblin is almost dead.
The hobgoblin hits you but does no damage.
You scratch the hobgoblin.
You kill the hobgoblin!
No target in view!
HP restored.
You open the door.
There is an open door here.
You now have 43 gold pieces (gained 11).
g - a scroll labelled DACWIL WACRAY A sourceless malevolence fills the Dungeon...
You fall into a shaft and drop 1 floor!
The shaft crumbles and collapses.
You open the door.
An endoplasm comes into view.
Found a scroll labelled DACWIL WACRAY. 2 orcs and 2 orc wizards come into view.
An orc wizard is wielding a +1 dagger of venom.
The orc shouts! x2
The orc wizard mumbles some strange words.
The orc wizard flickers and vanishes!
Deactivating autopickup; reactivate with Ctrl-A.
There is an open door here.
The orc wizard casts a spell at you. The puff of flame hits you!
The orc wizard casts a spell at you.
You are confused.
You are too confused!
You bump into the rock wall.
You bump into the rock wall.
The orc wizard hits you but does no damage.
You bump into the rock wall.
The orc wizard hits you with a +0 dagger.
You closely miss the orc wizard. The orc wizard closely misses you.
You scratch the orc wizard.
The orc wizard is moderately wounded.
You feel less confused. The orc wizard closely misses you.
You scratch the orc wizard.
The orc wizard is heavily wounded.
You scratch the orc wizard but do no damage.
The orc wizard is heavily wounded.
The orc wizard hits you but does no damage.
You closely miss the orc wizard.
The orc wizard is heavily wounded.
The orc wizard hits you with a +0 dagger.
You completely miss the orc wizard.
The orc wizard is heavily wounded.
The orc wizard hits you with a +0 dagger.
You scratch the orc wizard.
The orc wizard is severely wounded.
The orc wizard hits you with a +0 dagger.
You scratch the orc wizard.
The orc wizard is almost dead.
The orc wizard hits you but does no damage.
You scratch the orc wizard.
You kill the orc wizard!
You claw the orc!
You kill the orc!
Items here: )) [[.
You miss something.
You hear some strange, mumbled words.
A puff of flame appears from out of thin air!
The puff of flame hits you.
You miss something. Something hits you.
You are poisoned.
You scratch something.
You feel very sick. Something hits you.
You are more poisoned.
You scratch something.
You feel very sick. Something hits you.
You completely miss something.
You feel very sick. Something hits you.
You are lethally poisoned!
You miss something.
* * * LOW HITPOINT WARNING * * *
You feel very sick.
An orc wizard appears from thin air!
Reactivating autopickup.
The orc wizard hits you with a +1 dagger of venom.
* * * LOW HITPOINT WARNING * * *
You are more poisoned.
Okay, then.
You claw the orc wizard!
You kill the orc wizard!
You die...

Skill      XL: |  1  2 |
---------------+-------+-----
Unarmed Combat | 1 2 |  2.8
Fighting       | 1 |  1.3
Dodging        | |  1.5
Stealth        | |  1.0
Spellcasting   | |  1.2
Transmutations | |  0.6
Earth Magic    | |  2.6

Action                   || total
-------------------------++-------
Melee: Unarmed           ||   106
       Punch             ||     1
Armor: Robe              ||    29
Dodge: Dodged            ||    32

Levels and vault maps discovered:
D:1:      psy_arrival_conway, layout_rooms, serial_glass, glass_columns_b,
          glass_columns_a, glass_columns_a, glass_columns_c, glass_columns_a,
          glass_columns_b, dreamdust_princess_bridge
D:2:      layout_loops_corners, serial_shops, shop_statue, shop,
          hellmonk_ecumenical_altar_leap_of_faith,
          minmay_fractal_squares_gapless_5, uniq_robin
D:3:      minmay_roachtagon, layout_basic, lightli_corner_chamber

Notes
Turn   | Place    | Note
-------+----------+-------------------------------------------
     0 | D:1      | scionoferis the Troll Earth Elementalist began the quest
                  | for the Orb.
     0 | D:1      | Reached XP level 1. HP: 16/16 MP: 1/1
    76 | D:1      | Reached skill level 1 in Unarmed Combat
   100 | D:1      | Reached XP level 2. HP: 26/26 MP: 2/2
   316 | D:1      | Reached skill level 2 in Unarmed Combat
   380 | D:1      | Reached skill level 1 in Fighting
   394 | D:1      | Reached XP level 3. HP: 25/33 MP: 3/3
   750 | D:2      | Found a faded altar of an unknown god.
   777 | D:2      | Found Ynkoli's Weapon Boutique.
   831 | D:2      | You fall into a shaft and drop 1 floor!
   869 | D:3      | HP: 2/33 [orc wizard/+1 dagger of venom (4)]
   870 | D:3      | Succumbed to an orc wizard's poison

Vanquished Creatures
  2 orc wizards (D:3)
  An orc (D:3)
  4 endoplasms (D:1)
  A giant cockroach (D:2)
  3 hobgoblins (D:1 D:2)
  3 jackals (D:1)
  3 quokkas (D:1)
  A ball python (D:1)
  3 frilled lizards (D:1)
  5 goblins (D:1)
  4 kobolds (D:1)
  A rat (D:1)
31 creatures vanquished.

Table legend: (Time is in decaauts)
 A = Elapsed time spent in this place.
 B = Non-inter-level travel time spent in this place.
 C = Inter-level travel time spent in this place.
 D = Time resting spent in this place.
 E = Time spent auto-exploring this place.
 F = Levels seen in this place.
 G = Mean time per level.
                   A        B        C        D        E       F      G
               +--------+--------+--------+--------+--------+-----+--------+
         Total |    872 |    785 |     87 |      0 |    564 |   3 |  290.7 |
       Dungeon |    872 |    785 |     87 |      0 |    564 |   3 |  290.7 |
               +--------+--------+--------+--------+--------+-----+--------+

Top non-repeatable levels by time:
     D:1: 735 daAuts
     D:2: 98 daAuts
     D:3: 37 daAuts

Table legend:
 A = Non-vault XP
 B = Vault XP
 C = Vault XP percentage of total XP
 D = Non-vault monster count
 E = Vault monster count
 F = Vault count percentage of total count
                 A         B        C        D         E       F
            +---------+---------+-------+---------+---------+-------
      Total |     118 |       0 |   0.0 |      31 |       0 |   0.0
            +---------+---------+-------+---------+---------+-------
        D:1 |      43 |       0 |   0.0 |      26 |       0 |   0.0
        D:2 |       4 |       0 |   0.0 |       2 |       0 |   0.0
        D:3 |      71 |       0 |   0.0 |       3 |       0 |   0.0
            +---------+---------+-------+---------+---------+-------
